Map: [ESL] Alcyone

Players

Oliveira - Winner!

  • Race: Terran Terran
  • Spawn Location: 7:00

Cyan

  • Race: Protoss Protoss
  • Spawn Location: 1:00

Event: ESL SC2 Masters 2023 Winter (Regional)

VOD

Have the link to the VOD?

Description

Time

  • Played on: Nov. 18, 2023, 7:31 a.m.
  • Length: 5:16

All games in this series

Show
View Real Time Build Order
Export as new Build Order

Oliveira Terran - Winner!

Build Orders: Cyclone Opening 

Get SALT Encoding   

  12  0:00  SCV  
  13  0:12  SCV  
  14  0:17  Supply Depot  
  14  0:24  SCV  
  14  0:28  Refinery  
  15  0:38  SCV  
  16  0:44  Barracks  
  16  0:50  SCV  
  17  1:02  SCV  
  18  1:14  SCV  
  19  1:30  Marine  
  19  1:31  Orbital Command, Factory  
  20  1:38  Supply Depot  
  20  1:49  Barracks Reactor  
  20  1:56  SCV  
  21  2:08  Command Center  
  21  2:09  SCV  
  22  2:28  Cyclone x2  
  22  2:29  Supply Depot  
  26  2:31  SCV  
  27  2:39  Refinery  
  27  2:43  SCV  
  28  2:55  Barracks  
  28  2:58  SCV  
  29  3:00  Cyclone  
  29  3:04  Cyclone  
  33  3:10  Barracks Tech Lab, SCV  
  34  3:21  Orbital Command  
  34  3:22  SCV  
  35  3:34  SCV  
  35  3:46  SCV  
  36  3:51  Marine x3  
  39  3:57  SCV  
  39  3:58  Cyclone  
  39  4:06  SCV  
  39  4:09  SCV, Marine x2  
  40  4:12  Marine  
  39  4:18  SCV  
  39  4:21  SCV  
  40  4:27  Marine x2  
  40  4:30  Marine, SCV  
  42  4:33  SCV  
  42  4:35  Bunker  
  41  4:42  Starport  
  41  4:44  Factory Reactor, Marine x2  
  41  4:45  SCV  
  44  4:48  Marine  
  44  4:51  SCV  
  44  5:00  Supply Depot  
  44  5:03  SCV  
Show
View Real Time Build Order
Export as new Build Order

Cyan Protoss 

Build Orders: 1 Gate Expand, Oracle Opening 

Get SALT Encoding   

  12  0:00  Probe  
  13  0:12  Probe  
  14  0:18  Pylon  
  14  0:24  Probe (Chrono Boost)  
  15  0:36  Probe (Chrono Boost)  
  15  0:37  Gateway  
  16  0:45  Probe (Chrono Boost)  
  16  0:46  Assimilator  
  17  0:50  Probe  
  18  1:03  Probe  
  19  1:15  Probe  
  20  1:21  Nexus  
  20  1:31  Cybernetics Core  
  20  1:33  Probe  
  20  1:39  Assimilator  
  21  1:45  Probe  
  22  1:49  Pylon  
  22  1:57  Probe  
  23  2:05  Adept (Chrono Boost)  
  25  2:09  Probe  
  25  2:15  Stargate  
  26  2:21  Probe  
  27  2:23  Warp Gate  
  27  2:27  Adept  
  29  2:33  Probe  
  29  2:34  Probe  
  31  2:41  Shield Battery  
  30  2:45  Probe  
  30  2:47  Probe  
  32  2:55  Oracle (Chrono Boost)  
  32  2:57  Probe  
  36  3:00  Adept  
  36  3:03  Probe  
  39  3:10  Probe  
  40  3:14  Pylon  
  40  3:15  Probe  
  41  3:22  Gateway, Probe  
  40  3:27  Oracle (Chrono Boost)  
  40  3:31  Probe  
  44  3:35  Probe  
  45  3:43  Shield Battery, Probe  
  45  3:48  Probe  
  47  3:53  Robotics Facility  
  47  3:58  Probe  
  48  4:05  Probe  
  42  4:10  Probe  
  42  4:14  Stalker  
  42  4:16  Stalker  
  47  4:17  Probe  
  36  4:35  Probe (Chrono Boost)  
  31  4:39  Stalker  
  31  4:40  Stalker  
  31  4:45  Probe (Chrono Boost)  
  33  4:47  Probe (Chrono Boost)  
  32  4:55  Probe (Chrono Boost)  
  32  4:56  Probe (Chrono Boost)  
Tags
 
Add a new tag
Caveats
  • Supply blocks, unpowered buildings, or Contaminate may cause inaccurate times.
  • Supply counts are checked every 10 seconds.